 Dungeon Crawl Stone Soup version 0.29-a0-577-gafbf2c5d25 (webtiles) character file.

Game seed: 3472604421835304244

1580 zishaf the Fighter (level 8, -2/92 HPs)
             Began as an Ogre Chaos Knight on June 13, 2022.
             Was a Plaything of Xom.
             Slain by a bog mummy (11 damage)
             ... in an ossuary.
             The game lasted 00:11:02 (6321 turns).

zishaf the Fighter (Ogre Chaos Knight)              Turns: 6321, Time: 00:11:03

Health: -2/92      AC:  6    Str: 22    XL:     8   Next: 91%
Magic:  11/11      EV:  9    Int: 13    God:    Xom [*.....]
Gold:   283        SH:  0    Dex:  8    Spells: 8/11 levels left

rFire   . . .      SeeInvis .   a - +7 hand axe of Havoc {venom, *Slow rPois Str+3}
rCold   + . .      Faith    .   (no shield)
rNeg    . . .      Spirit   .   d - +2 robe
rPois   +          Reflect  .   (helmet currently unavailable)
rElec   .          Harm     .   u - +0 cloak
rCorr   .          Rampage  .   (gloves unavailable)
Will    .....                   (boots unavailable)
Stlth   +.........              (no amulet)
HPRegen 0.25/turn               k - ring of protection from cold
MPRegen 0.12/turn               m - ring of flight

@: appendages (expiring), flying
A: horns 2, talons 2, large, unfitting armour, tough skin 1
a: End Transformation, Renounce Religion


You were in an ossuary.
You worshipped Xom.
You were a special plaything of Xom.
You had temporarily grown beastly horns and talons.
You visited 1 branch of the dungeon, and saw 6 of its levels.
You also visited: Ossuary.

You collected 283 gold pieces.

Inventory:

Hand Weapons
 a - the +7 hand axe of Havoc (weapon) {venom, *Slow rPois Str+3}
   (You found it on level 3 of the Dungeon)

   It poisons the flesh of those it strikes.
   Str:       It affects your strength (+3).
   rPois:     It protects you from poison.
   *Slow:     It may slow you when you take damage.
 b - a +1 hunting sling
 t - a +0 mace of chaos
Missiles
 v - 3 boomerangs
Armour
 d - a +2 robe (worn)
 s - a +2 hat (melded)
 u - a +0 cloak (worn)
Magical Staves
 q - a staff of conjuration
Jewellery
 k - a ring of protection from cold (left hand)
 l - a ring of protection from cold
 m - a ring of flight (right hand)
Wands
 o - a wand of digging (7)
 w - a wand of iceblast (2)
Scrolls
 p - a scroll of teleportation
Potions
 e - 2 potions of attraction
 f - 2 potions of might
 g - 4 potions of curing
 h - a potion of berserk rage
 i - a potion of resistance
 j - a potion of cancellation {unknown}
 n - a potion of brilliance {unknown}
Miscellaneous
 c - a piece from Xom's chessboard (15/15) (quivered)


   Skills:
 + Level 9.0 Fighting
 - Level 4.1(5.0) Axes
 - Level 3.8(4.5) Maces & Flails
 - Level 3.0 Throwing
 - Level 2.1 Dodging
 - Level 2.0 Spellcasting
 + Level 5.2 Transmutations
 + Level 0.5 Evocations


You had 8 spell levels left.
You knew the following spells:

 Your Spells              Type           Power      Damage    Failure   Level
A - Beastly Appendage     Tmut           30%        N/A       3%          1
B - Wereblood             Tmut           15%        N/A       4%          2

Your spell library contained the following spells:

 Spells                   Type           Power      Damage    Failure   Level
 Spider Form              Tmut/Pois      8%         N/A       26%         3
 Sublimation of Blood     Necr           1%         N/A       36%         2
 Gell's Gravitas          Tloc           1%         N/A       58%         3
 Teleport Other           Tloc           1%         N/A       58%         3
 Dispersal                Tloc           0%         N/A       100%        6
 Summon Hydra             Summ           0%         N/A       100%        7


Dungeon Overview and Level Annotations

Branches:
Dungeon (6/15)             Temple (0/1) D:6         Ossuary (1/1)

Altars:

Annotations:
D:2 Sigmund


Innate Abilities, Weirdness & Mutations

You have temporarily grown beastly horns and talons.
You are too large for most types of armour.
You have tough skin. (AC +1)


Message History

The mummy partially resists.
You destroy the mummy!
A wyvern zombie comes into view.
Aiming: Iceblast
Press: ? - help, Shift-Dir - straight line, f - wyvern zombie
Aim: a wyvern zombie (wandering, hasn't noticed you)
The mass of ice explodes!
The iceblast engulfs the wyvern zombie.
The wyvern zombie partially resists.
The wyvern zombie is lightly damaged.
Unknown command.
Aiming: Iceblast
Press: ? - help, Shift-Dir - straight line, f/p - wyvern zombie
Aim: a wyvern zombie (lightly damaged)
The mass of ice explodes!
The iceblast engulfs the wyvern zombie!
The wyvern zombie partially resists.
The wyvern zombie is moderately damaged.
You slash the wyvern zombie!
The wyvern zombie is severely damaged.
A bog mummy comes into view.
The wyvern zombie closely misses you.
You hit the wyvern zombie.
The wyvern zombie is severely damaged.
The wyvern zombie barely misses you.
You hit the wyvern zombie. You headbutt the wyvern zombie.
The wyvern zombie is almost destroyed.
The wyvern zombie bites you.
* * * LOW HITPOINT WARNING * * *
The wyvern zombie bites you!
* * * LOW HITPOINT WARNING * * *
You slash the wyvern zombie!
You destroy the wyvern zombie!
Your Fighting skill increases to level 9!
You feel better.
Okay, then.
Your transformation is almost over.
You hit the bog mummy. You claw the bog mummy.
Your headbutt misses the bog mummy.
The bog mummy is moderately damaged.
The bog mummy hits you!
You die...

## ##### ≈##
#≈#≈≈ ≈≈##
#.≈.#.#.#
#.≈≈≈.≈.#M#'
+≈.≈.≈≈..Z..
#M##'##+##'#
#M..# #@∩.#
#..∩# #####


You could see a bog mummy.

Vanquished Creatures
  Menkaure (D:5)
  An ice beast (D:5)
  2 ogres (D:5)
  A bullfrog (D:4)
  2 necrophages
  3 scorpions (D:5)
  2 wyvern zombies (Ossuary)
  2 bullfrog zombies (Ossuary)
  A jelly (D:4)
  2 centaur zombies (Ossuary)
  Crazy Yiuf (D:3)
  9 mummies (Ossuary)
  3 iguanas
  Natasha (thrice) (D:4)
  An orc wizard (D:6)
  A howler monkey zombie (Ossuary)
  A gnoll (D:3)
  11 adders
  A white imp (D:6)
  An ufetubus (D:5)
  A worm (D:2)
  2 dart slugs
  12 orcs
  12 ball pythons
  8 endoplasms
  4 giant cockroaches
  3 goblins
  3 hobgoblins
  A quokka (D:3)
  5 bats
  3 frilled lizards
  7 kobolds
  6 rats
116 creatures vanquished.

Vanquished Creatures (others)
  A rat zombie (D:2)
  4 plants (D:6)
  3 withered plants (Ossuary)
8 creatures vanquished.

Grand Total: 124 creatures vanquished

Notes
Turn   | Place    | Note
-------+----------+-------------------------------------------
     0 | D:1      | zishaf the Ogre Chaos Knight began the quest for the Orb.
     0 | D:1      | Reached XP level 1. HP: 24/24 MP: 1/1
     3 | D:1      | XOM: silly message
    75 | D:1      | XOM: 7-stop teleportation journey
   215 | D:1      | XOM: 3-stop teleportation journey
   238 | D:1      | XOM: silly message
   322 | D:1      | Reached XP level 2. HP: 33/33 MP: 2/2
  1274 | D:2      | Reached XP level 3. HP: 41/41 MP: 3/3
  1283 | D:2      | Noticed Sigmund
  1289 | D:2      | XOM: summons 3 friendly demons
  1339 | D:2      | Learned a level 2 spell: Wereblood
  1694 | D:2      | XOM: cloud trail
  1707 | D:2      | XOM: silly message
  1711 | D:2      | XOM: noise
  2010 | D:1      | Reached skill level 5 in Fighting
  2143 | D:2      | XOM: smoke on damage
  2821 | D:3      | Learned a level 1 spell: Beastly Appendage
  2841 | D:3      | Reached skill level 1 in Spellcasting
  2905 | D:3      | Found a faded altar of an unknown god.
  2934 | D:3      | Reached XP level 4. HP: 50/50 MP: 5/5
  3130 | D:3      | XOM: scenery: 1 doors close
  3214 | D:3      | Identified the +7 hand axe of Havoc {venom, *Slow rPois
                  | Str+3}
  3297 | D:3      | Reached skill level 1 in Transmutations
  3534 | D:3      | Found a runed translucent door.
  3535 | D:3      | Noticed Crazy Yiuf
  3541 | D:3      | XOM: potion effect (haste)
  3544 | D:3      | Killed Crazy Yiuf
  3545 | D:3      | Reached XP level 5. HP: 9/57 MP: 7/7
  3908 | D:3      | Reached skill level 1 in Axes
  3981 | D:3      | XOM: potion effect (invisibility)
  3998 | D:3      | Reached XP level 6. HP: 64/67 MP: 7/9
  4071 | D:4      | XOM: stealth player
  4130 | D:4      | Reached skill level 1 in Throwing
  4241 | D:4      | XOM is BORED!
  4241 | D:4      | XOM: 1-stop teleportation journey
  4245 | D:4      | Noticed Natasha
  4250 | D:4      | Killed Natasha
  4257 | D:4      | Reached skill level 6 in Fighting
  4464 | D:4      | XOM: divination: detect creatures
  4475 | D:4      | XOM: enchant monster (good)
  4508 | D:4      | Noticed Natasha
  4510 | D:4      | Reached XP level 7. HP: 59/75 MP: 10/10
  4513 | D:4      | Killed Natasha
  4551 | D:4      | Noticed Natasha
  4555 | D:4      | Killed Natasha
  4668 | D:4      | XOM: noise
  4923 | D:4      | XOM is BORED!
  5026 | D:5      | Entered Level 5 of the Dungeon
  5069 | D:5      | XOM: divination: magic mapping
  5204 | D:5      | Noticed Menkaure
  5211 | D:5      | Killed Menkaure
  5212 | D:5      | Reached skill level 7 in Fighting
  5284 | D:5      | XOM: silly message
  5344 | D:5      | XOM: noise
  5391 | D:5      | XOM: divination: detect items
  5395 | D:5      | Reached XP level 8. HP: 65/87 MP: 11/11
  5615 | D:5      | XOM: potion effect (haste)
  5739 | D:5      | XOM: noise
  5759 | D:5      | XOM: divination: detect items
  5853 | D:5      | XOM: noise
  6012 | D:5      | XOM: divination: detect creatures
  6149 | D:6      | Found a staircase to the Ecumenical Temple.
  6171 | D:6      | Reached skill level 8 in Fighting
  6184 | D:6      | Found a sand-covered staircase.
  6189 | Ossuary  | Entered an ossuary
  6255 | Ossuary  | XOM: silly message
  6267 | Ossuary  | Reached skill level 5 in Transmutations
  6288 | Ossuary  | XOM: silly message
  6289 | Ossuary  | HP: 4/91 [mummy (15)]
  6316 | Ossuary  | HP: 1/91 [wyvern zombie (8)]
  6318 | Ossuary  | Reached skill level 9 in Fighting
  6321 | Ossuary  | Slain by a bog mummy

Illustrated notes

Levels and vault maps discovered:
D:1:      dpeg_arrival_court, layout_basic, serial_co_window_serial,
          co_window_corner_a, co_window_paths_a, co_window_corner_a,
          co_window_paths_b, co_window_paths_a, co_window_corner_a,
          co_window_corner_a, co_window_corner_ca, co_window_paths_c,
          co_window_broadway_c, co_window_2corner, co_window_paths_c,
          co_window_paths_e, dreamdust_wishing_well
D:2:      layout_basic, minmay_close_crescents, uniq_sigmund
D:3:      minmay_chambers_of_threes, layout_loops_corners,
          chequers_ecumenical_altar_island, kennysheep_potato,
          uniq_crazy_yiuf_cottage
D:4:      layout_basic, uniq_natasha
D:5:      layout_basic, uniq_menkaure
D:6:      layout_loops_ring, minmay_temple_entry_gardened_gates, enter_ossuary_3
Ossuary:  ossuary_zaba_flooded

Skill      XL: |  1  2  3  4  5  6  7  8 |
---------------+-------------------------+-----
Maces & Flails | 3 |  3.8
Fighting       | 5 6 7 9 |  9.0
Spellcasting   | 1 2 |  2.0
Transmutations | 1 2 3 5 |  5.2
Axes           | 1 2 3 4 |  4.1
Throwing       | 2 3 |  3.0
Dodging        | |  2.1
Evocations     | |  0.5

Action                   |  1- 3 |  4- 6 |  7- 9 || total
-------------------------+-------+-------+-------++-------
Melee: Mace              |    76 |     5 |       ||    81
       Hand axe          |       |    73 |   136 ||   209
       Kick              |       |       |     1 ||     1
       Headbutt          |       |       |     1 ||     1
       Punch             |       |       |     1 ||     1
 Fire: Hunting sling     |    61 |     6 |       ||    67
 Cast: Beastly Appendage |       |       |     1 ||     1
Evoke: Wand              |       |       |     7 ||     7
  Use: Scroll            |       |     6 |     4 ||    10
       Potion            |       |       |     2 ||     2
 Stab: Invisible         |       |     3 |       ||     3
Armor: Robe              |    52 |    35 |    45 ||   132
Dodge: Dodged            |    55 |    37 |    43 ||   135

Table legend: (Time is in decaauts)
 A = Elapsed time spent in this place.
 B = Non-inter-level travel time spent in this place.
 C = Inter-level travel time spent in this place.
 D = Time resting spent in this place.
 E = Time spent auto-exploring this place.
 F = Levels seen in this place.
 G = Mean time per level.
                   A        B        C        D        E       F      G
               +--------+--------+--------+--------+--------+-----+--------+
         Total |   6360 |   5989 |    371 |    443 |   4401 |   7 |  908.6 |
       Dungeon |   6225 |   5854 |    371 |    431 |   4381 |   6 | 1037.5 |
       Ossuary |    135 |    135 |      0 |     12 |     20 |   1 |  135.0 |
               +--------+--------+--------+--------+--------+-----+--------+

Top non-repeatable levels by time:
     D:1: 1875 daAuts
     D:3: 1488 daAuts
     D:5: 1027 daAuts
     D:4: 909 daAuts
     D:2: 800 daAuts
 Ossuary: 135 daAuts
     D:6: 123 daAuts
